 Dungeon Crawl Stone Soup version 0.21.1-1-g345015fe64 (webtiles) character file.

101 Hercules1031 the Ducker (level 5, -2/40 HPs)
             Began as a Human Gladiator on June 9, 2018.
             Killed by divine providence
             ... invoked by an orc priest
              (11 damage)
             ... on level 4 of the Dungeon.
             The game lasted 00:09:47 (1597 turns).

Hercules1031 the Ducker (Human Gladiator)           Turns: 1597, Time: 00:09:47

Health: -2/40      AC:  8    Str: 15    XL:     5   Next: 4%
Magic:  5/5        EV: 11    Int: 13    God:
Gold:   57         SH:  0    Dex: 15    Spells: 4/4 levels left

rFire    . . .     SeeInvis .   e - +2 dagger (vamp)
rCold    . . .     Gourm    +   (no shield)
rNeg     . . .     Faith    .   h - +0 scale mail
rPois    .         Spirit   .   n - +0 helmet
rElec    .         Reflect  .   (no cloak)
rCorr    .         Harm     .   k - +0 pair of gloves (curse)
MR       .....                  (no boots)
Stlth    ..........             l - amulet of the gourmand
HPRegen  0.13/turn              (no ring)
MPRegen  0.09/turn              (no ring)

@: brilliant, berserk cooldown, flying
A: no striking features
a: no special abilities


You were on level 4 of the Dungeon.
You were very full.

You visited 1 branch of the dungeon, and saw 3 of its levels.

You collected 57 gold pieces.

Inventory:

Hand Weapons
 a - a +0 flail
 e - a +2 vampiric dagger (weapon)
Missiles
 d - 3 throwing nets (quivered)
Armour
 b - a +0 leather armour
 c - a +0 helmet
 h - a +0 scale mail (worn)
 j - a +0 helmet
 k - a cursed +0 pair of gloves (worn)
 n - a +0 helmet (worn)
Jewellery
 l - an amulet of the gourmand (around neck)
Scrolls
 m - a scroll of identify
 q - a scroll of fear
Comestibles
 f - 3 rations


   Skills:
 + Level 2.9 Fighting
 * Level 2.3 Short Blades
 - Level 3.2 Maces & Flails
 - Level 2.0 Throwing
 + Level 1.7 Armour
 - Level 3.2 Dodging


You had 4 spell levels left.
You didn't know any spells.

Dungeon Overview and Level Annotations

Branches:
Dungeon (2/15)

Altars:


Message History

You fly up into the air.
* * * LOW HITPOINT WARNING * * *
You feel sick. The worker ant barely misses you. The worker ant misses you.
The worker ant misses you.
An orc comes into view.
It was a potion of brilliance.
You feel clever all of a sudden. The worker ant closely misses you.
An orc and an orc priest come into view.
It was a potion of curing.
You feel better.
You feel yourself speed up.
The orc shouts!
The worker ant bites you but does no damage.
The orc priest looks satisfied for a moment.
The worker ant barely misses you. The orc barely misses you.
The orc misses you.
The orc priest looks encouraged for a moment.
The orc priest mumbles some strange prayers to Beogh against you.
Beogh smites you!
You die...

####..##..##..#.
#..............$.
#................
...
#................ ..
#.............. ..
##..#......... .
####...##..## .#
##'###<.######'##..#
#........†@a.'..o...
#........†oo.#..o...
##..##.###..## ....#
####### #..# ...#
...... ... #.......
.# ###...##.. #
#...# # ....#


You could see a worker ant, an orc priest and 3 orcs.

Vanquished Creatures
  2 worker ants (D:4)
  An adder (D:2)
  A worm (D:2)
  3 dart slugs
  A leopard gecko (D:2)
  2 bats (D:1)
  2 giant cockroaches (D:2)
  5 goblins
  4 hobgoblins (D:1)
  3 jackals (D:2)
  A frilled lizard (D:1)
  2 kobolds (D:1)
  10 rats
37 creatures vanquished.

Notes
Turn   | Place    | Note
-------+----------+-------------------------------------------
     0 | D:1      | Hercules1031 the Human Gladiator began the quest for the Orb.
     0 | D:1      | Reached XP level 1. HP: 16/16 MP: 1/1
   207 | D:1      | Reached XP level 2. HP: 15/22 MP: 2/2
   570 | D:1      | Reached XP level 3. HP: 27/27 MP: 3/3
   924 | D:2      | Reached skill level 1 in Armour
  1077 | D:2      | Reached skill level 1 in Short Blades
  1386 | D:2      | Reached XP level 4. HP: 34/34 MP: 4/4
  1498 | D:2      | You fall through a shaft for 2 floors!
  1573 | D:4      | Reached XP level 5. HP: 29/40 MP: 5/5
  1593 | D:4      | HP: 2/40 [poisoned by a worker ant]
  1597 | D:4      | Killed from afar by an orc priest

Skill      XL: |  1  2  3  4 |
---------------+-------------+-----
Armour         | 1 |  1.7
Short Blades   | 1 2 |  2.3
Fighting       | |  2.9
Maces & Flails | |  3.2
Throwing       | |  2.0
Dodging        | |  3.2

Action                   |  1- 3 |  4- 6 || total
-------------------------+-------+-------++-------
Melee: Flail             |    26 |       ||    26
       Dagger            |    80 |    18 ||    98
  Use: Scroll            |     4 |       ||     4
       Potion            |       |     4 ||     4
  Eat: Ration            |     4 |       ||     4
Armor: Leather armour    |     6 |       ||     6
       Scale mail        |    52 |    14 ||    66
Dodge: Dodged            |    86 |    24 ||   110
